 Dungeon Crawl Stone Soup version 0.19-b1-4-gd8a0a2a (webtiles) character file.

141 vev the Magician (level 5, 0/24 HPs)
             Began as a Spriggan Conjurer on Oct 30, 2016.
             Killed from afar by vev's ghost (14 damage)
             ... with a spray of energy
             ... on level 3 of the Dungeon.
             The game lasted 00:08:39 (4077 turns).

vev the Magician (Spriggan Conjurer)                Turns: 4077, Time: 00:08:40

Health: 0/24       AC:  2    Str:  4    XL:     5   Next: 3%
Magic:  6/14       EV: 18    Int: 16    God:
Gold:   54         SH:  0    Dex: 18    Spells: 2 memorised, 11 levels left

rFire  . . .     SeeInvis +     v - +0 dagger (drain)
rCold  . . .     Gourm    .     a - +0 robe
rNeg   . . .     Faith    .     (shield restricted)
rPois  .         Spirit   .     (helmet restricted)
rElec  .         Reflect  .     (no cloak)
rCorr  .         Harm     .     (gloves unavailable)
MR     .....                    (boots unavailable)
Stlth  +++.......               (no amulet)
                                (no ring)
                                (no ring)

@: very slightly contaminated, very quick
A: unfitting armour, see invisible, herbivore 3, speed 3, slow metabolism 2
a: no special abilities


You were on level 3 of the Dungeon.
You were very hungry.

You visited 1 branch of the dungeon, and saw 3 of its levels.

You collected 54 gold pieces.

Inventory:

Hand Weapons
 r - a +0 dagger
 v - a +0 dagger of draining (weapon)
Armour
 a - a +0 robe (worn)
Scrolls
 d - 2 scrolls of fear {unknown}
 g - a scroll of recharging {unknown}
 h - 2 scrolls of magic mapping {unknown}
 k - a scroll of identify {unknown}
 m - 6 scrolls of remove curse {unknown}
 n - a scroll of enchant armour {unknown}
 o - 2 scrolls of teleportation {unknown}
 q - a scroll of blinking {unknown}
 t - a scroll of noise {unknown}
Potions
 e - 4 potions of curing
 i - a potion of agility {unknown}
 j - a potion of flight {unknown}
 l - 2 potions of heal wounds {unknown}
 p - a potion of magic {unknown}
 s - a potion of cancellation {unknown}
 u - 2 potions of haste
Books
 b - a book of Conjurations

   Spells                             Type                      Level
   a - Magic Dart                     Conjuration                  1
   b - Searing Ray                    Conjuration                  2
   c - Dazzling Spray                 Conjuration/Hexes            3
   d - Fulminant Prism                Conjuration/Hexes            4
   e - Iskenderun's Mystic Blast      Conjuration                  4
   f - Iskenderun's Battlesphere      Conjuration/Charms           5
Comestibles
 c - 6 bread rations
 f - a royal jelly


   Skills:
 + Level 0.2 Short Blades
 - Level 3.0 Dodging
 + Level 4.0 Stealth
 + Level 5.7 Spellcasting
 - Level 2.9 Conjurations
 + Level 1.4 Hexes


You had 11 spell levels left.
You knew the following spells:

 Your Spells              Type           Power        Failure   Level  Hunger
a - Magic Dart            Conj           ##..         6%          1    None
d - Dazzling Spray        Conj/Hex       ##....       17%         3    ##.....


Dungeon Overview and Level Annotations

Branches:
Dungeon (3/15)

Altars:

Annotations:
D:3 vev's ghost, amateur SpCj


Innate Abilities, Weirdness & Mutations

You are very small and have problems with some larger weapons.
You are too small for most types of armour.
You have supernaturally acute eyesight. (SInv)
You are a herbivore.
You cover ground extremely quickly.
You need consume almost no food.


Message History

Vev's ghost gestures at you while chanting.
The spray of energy hits you!
You are confused.
You're too confused to cast spells.
You bump into the rock wall.
Vev's ghost hits you.
It was a potion of curing.
You feel better. Vev's ghost hits you.
Things that are here:
a hand axe; a chain mail
Casting: Dazzling Spray
Confirm with . or Enter, or press ? or * to list all spells.
Aiming: Dazzling Spray
Press: ? - help, Shift-Dir - straight line, f/p - vev's ghost
Aim: vev's ghost (heavily damaged)
You miscast Dazzling Spray.
You are very lightly contaminated with residual magic.
Your skin tingles.
Vev's ghost hits you. Vev's ghost casts a spell at you.
The spray of energy hits you!
Ouch! That really hurt!
You die...

###...........##.#...............
..#.....#####.##.###.############
#.###...# #..#............†....
#W# #...# #..#####÷############
#s# #...# #...# #.# #.# #...#
#.#.## #.# #.###...#####.#.W# #.#
#...........).##.###'########
#####...########@##.........#
#...# #.##.........# .......
#..#.........# .........#
###'##'######## ..........#
#......# ..........# #.....÷#
..####....# #......# #.....%#
#....<.#


You could see vev's ghost.

Vanquished Creatures
  Terence (D:3)
  3 adders (D:2)
  A gnoll (D:1)
  An ooze (D:3)
  A worm (D:1)
  A dart slug (D:1)
  4 leopard geckos
  3 bats
  10 giant cockroaches
  9 hobgoblins
  11 kobolds
  A quokka (D:1)
  A frilled lizard (D:1)
  9 goblins
  A leopard gecko skeleton (D:3)
  7 rats
64 creatures vanquished.

Notes
Turn   | Place    | Note
-------+----------+-------------------------------------------
     0 | D:1      | vev the Spriggan Conjurer began the quest for the Orb.
     0 | D:1      | Reached XP level 1. HP: 9/9 MP: 5/5
   206 | D:1      | Reached skill level 3 in Spellcasting
   615 | D:1      | Reached XP level 2. HP: 13/13 MP: 0/7
   703 | D:1      | Reached skill level 4 in Spellcasting
  1201 | D:2      | Reached XP level 3. HP: 14/16 MP: 2/10
  1520 | D:1      | Learned a level 3 spell: Dazzling Spray
  1639 | D:2      | Reached skill level 5 in Spellcasting
  2452 | D:2      | Reached XP level 4. HP: 21/21 MP: 10/12
  3104 | D:3      | Noticed vev's ghost (amateur SpCj)
  3478 | D:3      | Reached skill level 1 in Hexes
  3616 | D:3      | Noticed Terence
  3940 | D:3      | Killed Terence
  3940 | D:3      | Reached skill level 4 in Stealth
  3940 | D:3      | Reached XP level 5. HP: 24/24 MP: 1/14
  4077 | D:3      | Killed from afar by vev's ghost

Skill      XL: |  1  2  3  4 |
---------------+-------------+-----
Spellcasting   | 3 4 5 |  5.7
Hexes          | 1 |  1.4
Stealth        | 4 |  4.0
Short Blades   | |  0.2
Dodging        | |  3.0
Conjurations   | |  2.9

Action                   |  1- 3 |  4- 6 || total
-------------------------+-------+-------++-------
Melee: Dagger            |       |    29 ||    29
 Cast: Magic Dart        |   116 |    68 ||   184
       Dazzling Spray    |       |     6 ||     6
  Use: Potion            |       |     1 ||     1
 Stab: Invisible         |       |     1 ||     1
       Sleeping          |       |     1 ||     1
Armor: Robe              |     3 |     7 ||    10
Dodge: Dodged            |    25 |    37 ||    62
